 Dungeon Crawl Stone Soup version 0.20.1-1-g8b1a95d (webtiles) character file.

28 equalderp2856 the Skirmisher (level 3, -1/29 HPs)
             Began as a Mummy Fighter on July 15, 2017.
             Slain by a worm (3 damage)
             ... on level 2 of the Dungeon.
             The game lasted 00:02:05 (1186 turns).

equalderp2856 the Skirmisher (Mummy Fighter)        Turns: 1186, Time: 00:02:07

Health: -1/29      AC:  7    Str: 20    XL:     3   Next: 0%
Magic:  3/3        EV:  7    Int:  7    God:
Gold:   14         SH:  9    Dex: 11    Spells: 2/2 levels left

rFire    x . .     SeeInvis .   a - +0 long sword
rCold    + . .     Gourm    .   c - +0 shield
rNeg     + + +     Faith    .   b - +0 scale mail
rPois    ∞         Spirit   .   m - +0 helmet
rElec    .         Reflect  .   (no cloak)
rCorr    .         Harm     .   (no gloves)
MR       .....                  (no boots)
Stlth    ..........             (no amulet)
Regen    0.1/turn               (no ring)
MPRegen  0.1/turn               (no ring)

@: about to teleport
A: no food or potions, fire vulnerability, cold resistance 1, negative energy
resistance 3, torment resistance, unbreathing
a: no special abilities


You were on level 2 of the Dungeon.
You were not hungry.

You visited 1 branch of the dungeon, and saw 2 of its levels.

You collected 14 gold pieces.

Inventory:

Hand Weapons
 a - a +0 long sword (weapon)
Missiles
 d - 16 poisoned needles
 n - 24 stones (quivered)
Armour
 b - a +0 scale mail (worn)
 c - a +0 shield (worn)
 m - a +0 helmet (worn)
Scrolls
 e - a scroll of teleportation
 g - a scroll of amnesia {unknown}
 h - a scroll of fear {unknown}
 i - a scroll of identify {unknown}
 j - a scroll of immolation {unknown}
 k - a scroll of fog {unknown}
 l - a scroll of random uselessness {unknown}
 o - a scroll of recharging {unknown}


   Skills:
 + Level 3.2 Fighting
 + Level 1.7 Long Blades
 + Level 2.7 Armour
 + Level 0.1 Dodging
 + Level 2.8 Shields


You had 2 spell levels left.
You didn't know any spells.

Dungeon Overview and Level Annotations

Branches:
Dungeon (2/15)

Altars:

Annotations:
D:2 Robin


Innate Abilities, Weirdness & Mutations

You do not eat or drink.
Your flesh is vulnerable to fire.
You are immune to poison.
Your flesh is cold resistant. (rC+)
You are immune to negative energy. (rN+++)
You are immune to unholy pain and torment.
You can survive without breathing.


Message History

You block the worm's attack. The goblin barely misses you.
You block the goblin's attack. The goblin hits you with a club.
* * * LOW HITPOINT WARNING * * *
The goblin closely misses you.
You riposte.
You closely miss the goblin. You block the hobgoblin's attack.
You block the worm's attack.
As you read the scroll labeled YSEOBO WUTUSO, it crumbles to dust.
You feel strangely unstable.
It was a scroll of teleportation.
The goblin hits you but does no damage. Robin throws the goblin at you!
The goblin completely misses you. You block the goblin's attack.
The hobgoblin hits you but does no damage.
Unknown command.
Unknown command.
As you read the scroll labeled NEGIUGG OBBE, it crumbles to dust.
You feel aware of your surroundings.
It was a scroll of magic mapping.
You block the goblin's attack. x2; The goblin hits you but does no damage.
The goblin hits you with a club.
* * * LOW HITPOINT WARNING * * *
The goblin barely misses you. The worm bites you.
You die...

#.......# *,,*****,,,,
###'#+###**,,*,,,*,,,,
#.#,,,,,,,,,,,,+,,,,
#.########**,,,****,
#.........,,,,,,,,*,
##...#####**,,,,***, *******
#........,,,,,,* ** **,,,,,*
#ggg#####**,,,***** **,,,,,*
#g@g....#*****,,,,, **,,,,,*
#wggg.....,,,,,,,,, **,,,,,*
#gg.......,,,,,,,,,
**,,,,,*******#.g.......,,,,,,,,,
+,,,,,,,,,,,,,..........,,,,,,,,,
**,,,,,,,****...........,,,,,,,,,
,,,,,,,,,,,,,....####...,,,,,,,**
**,,,,,,,,,,#....# *...,,,,,,,*
****,,,,,,,*,,,,* *,,,,,,,,,,*


You could see a worm, Robin, 4 hobgoblins and 6 goblins.

Vanquished Creatures
  A worm (D:2)
  5 bats
  2 giant cockroaches
  3 goblins
  3 hobgoblins (D:1)
  3 frilled lizards (D:1)
  2 kobolds (D:1)
  7 rats (D:1)
26 creatures vanquished.

Notes
Turn   | Place    | Note
-------+----------+-------------------------------------------
     0 | D:1      | equalderp2856 the Mummy Fighter began the quest for the Orb.
     0 | D:1      | Reached XP level 1. HP: 18/18 MP: 1/1
   103 | D:1      | Reached XP level 2. HP: 24/24 MP: 2/2
  1177 | D:2      | Noticed Robin
  1183 | D:2      | Reached XP level 3. HP: 11/29 MP: 3/3
  1186 | D:2      | Slain by a worm

Action                   || total
-------------------------++-------
Melee: Long sword        ||    61
  Use: Scroll            ||     2
Armor: Scale mail        ||    41
Dodge: Dodged            ||    25
Block: Shield            ||    41
       Rpst.: Long sword ||     7
